 Dungeon Crawl Stone Soup version 0.30.1-3-gfc49f6343a (webtiles) character file.

Game seed: 15206990228220274736

1235 Kranky the Trooper (level 8, -4/65 HPs)
             Began as a Demonspawn Berserker on July 21, 2023.
             Was a Priest of Trog.
             Slain by a gnoll
             ... wielding a +1 halberd of flaming
             ... led by a gnoll bouda
              (5 damage)
             ... on level 7 of the Dungeon.
             The game lasted 00:07:38 (5576 turns).

Kranky the Trooper (Demonspawn Berserker)           Turns: 5576, Time: 00:07:39

Health: -4/65      AC:  8    Str: 20    XL:     8   Next: 24%
Magic:  8/8        EV: 12    Int:  9    God:    Trog [***...]
Gold:   247        SH:  5    Dex: 18    Spells: 7/7 levels left

rFire   . . .        t - +2 dagger (elec)
rCold   . . .        (no shield)
rNeg    . . .        u - +0 scale mail
rPois   .            (no helmet)
rElec   .            f - +0 cloak
rCorr   .            (no gloves)
SInv    +            (no boots)
Will    ++...        m - amulet of reflection Stlth
                     I - ring of see invisible
HPRegen 1.30/turn    q - +6 ring of dexterity
MPRegen 0.11/turn

%: reflection
@: strong-willed, regenerating
A: hooves 2, weakness stinger 2
a: Renounce Religion, Berserk, Trog's Hand


You were on level 7 of the Dungeon.
You worshipped Trog.
Trog was most pleased with you.
You visited 1 branch of the dungeon, and saw 7 of its levels.

You collected 247 gold pieces.

Inventory:

Hand Weapons
 a - a +0 spear
 t - a +2 dagger of electrocution (weapon)
 y - a +0 trident
Armour
 b - a +0 animal skin
 f - a +0 cloak (worn)
 s - a +0 ring mail
 u - a +0 scale mail (worn)
Jewellery
 d - an amulet of magic regeneration
 m - an amulet of reflection (around neck)
 q - a +6 ring of dexterity (right hand)
 G - the amulet of Gaschum {Spirit rN+++ Str+4 Slay-2}
   (You found it on level 6 of the Dungeon)

   [amulet of guardian spirit]

   It causes incoming damage to be divided between your reserves of health and
   magic.
   Str:       It affects your strength (+4).
   Slay:      It affects your accuracy & damage with ranged weapons and melee
   (-2).
   rN:        It renders you almost immune to negative energy.
 H - a ring of positive energy
 I - a ring of see invisible (left hand)
 K - a +4 ring of slaying
Wands
 B - a wand of flame (17)
Scrolls
 e - 2 scrolls of brand weapon {unknown}
 i - 3 scrolls of amnesia {unknown}
 k - 15 scrolls of identify {unknown}
 l - 2 scrolls of vulnerability {unknown}
 p - 2 scrolls of immolation {unknown}
 v - 2 scrolls of enchant armour {unknown}
 z - a scroll of fear {unknown}
 A - a scroll of noise {unknown}
 D - a scroll of poison {unknown}
 E - a scroll of torment {unknown}
 F - a scroll of blinking {unknown}
 J - a scroll of magic mapping {unknown}
Potions
 c - 3 potions of heal wounds {unknown}
 g - a potion of lignification {unknown}
 h - 2 potions of mutation {unknown}
 j - 2 potions of invisibility {unknown}
 n - 3 potions of flight {unknown}
 o - a potion of might {unknown}
 r - 2 potions of brilliance {unknown}
 w - 4 potions of haste {unknown}
 x - a potion of curing {unknown}
 C - a potion of ambrosia {unknown}


   Skills:
 + Level 6.3 Fighting
 - Level 3.1 Polearms
 + Level 5.4 Armour
 + Level 5.3 Dodging


You had 7 spell levels left.
You didn't know any spells.
Your spell library was empty.

Dungeon Overview and Level Annotations

Branches:
Dungeon (7/15)             Temple (0/1) D:6

Altars:
Sif Muna
Wu Jian

Shops:
D:5 *(


Innate Abilities, Weirdness & Mutations

You have hoof-like feet.
You have a tail ending in a sharp stinger.


Message History

Your attacks no longer feel as feeble.
The gnoll hits you from afar with a +1 halberd of flaming.
The gnoll burns you.
The gnoll bouda utters an invocation to its god.
The gnoll bouda is healed somewhat.
You completely miss the gnoll bouda. Your kick misses the gnoll bouda.
You punch the gnoll bouda.
The gnoll bouda is heavily wounded.
The gnoll hits you but does no damage.
The gnoll bouda hits you with a +0 whip.
You hit the gnoll bouda but do no damage.
You kick the gnoll bouda.
The gnoll bouda is severely wounded.
The gnoll is no longer moving quickly. x2; The gnoll misses you.
You block the gnoll bouda's attack.
You closely miss the gnoll bouda.
The gnoll bouda is severely wounded.
You block the gnoll's attack.
The gnoll bouda barks out a call to the hunt!
The gnolls pick up the pace!
You hit the gnoll bouda.
You kick the gnoll bouda, but do no damage.
The gnoll bouda is severely wounded.
The gnoll is no longer moving quickly.
You block the gnoll's attack.
The gnoll bouda barks out a call to the hunt!
The gnoll picks up the pace!
You hit the gnoll bouda.
Lightning courses through the gnoll bouda!
You kill the gnoll bouda!
Trog accepts your kill.
The gnoll hits you from afar with a +1 halberd of flaming!
* * * LOW HITPOINT WARNING * * *
The gnoll burns you.
* * * LOW HITPOINT WARNING * * *
Your skin crawls.
You feel strong-willed.
The gnoll hits you from afar with a +1 halberd of flaming!
* * * LOW HITPOINT WARNING * * *
The gnoll burns you.
You die... #.# .. #.#... ... #. #..... ## #.# ## #.###.#... ....... #......... .#.#. #.....[.†. .gg

#####.......†. #g#
#............. #)#
#.###......... #@# #.#
#......... #.# #.#
###....... ###.# #.#
#.##.### ##.#.#
#.#####.##.### ##....#
#.##..........
##.....###)...........#
##.........).#.#######.#
#....>....>..#.# #
##.......###.#.#


You could see 3 gnolls.

Vanquished Creatures
  A water moccasin (D:6)
  An orc warrior (D:6)
  A sky beast (D:7)
  An ogre (D:5)
  2 bullfrogs (D:7)
  2 scorpions (D:5)
  A howler monkey (D:6)
  3 jellies
  3 hounds
  3 orc priests
  A gnoll bouda (D:7)
  Terence (D:3)
  2 iguanas
  3 orc wizards
  2 gnolls (D:7)
  4 adders
  2 ufetubi
  A worm (D:2)
  2 dart slugs
  14 orcs
  4 ball pythons
  4 bats
  6 endoplasms
  3 giant cockroaches
  2 goblins
  4 hobgoblins
  5 jackals
  2 frilled lizards
  10 kobolds
  4 rats (D:2)
94 creatures vanquished.

Notes
Turn   | Place    | Note
-------+----------+-------------------------------------------
     0 | D:1      | Kranky the Demonspawn Berserker began the quest for the
                  | Orb.
     0 | D:1      | Reached XP level 1. HP: 18/18 MP: 1/1
   386 | D:1      | Discovered your monstrous ancestry.
   386 | D:1      | Gained mutation: You have large cloven feet. [demonic
                  | ancestry]
   386 | D:1      | Reached XP level 2. HP: 23/24 MP: 2/2
  1239 | D:2      | Reached XP level 3. HP: 26/29 MP: 3/3
  1611 | D:2      | Reached ** piety under Trog
  2019 | D:3      | Noticed Terence
  2030 | D:3      | Killed Terence
  2031 | D:3      | Reached XP level 4. HP: 16/36 MP: 4/4
  2384 | D:3      | Found an ornate altar of the Wu Jian Council.
  2725 | D:3      | Noticed an angel
  3604 | D:5      | Entered Level 5 of the Dungeon
  3604 | D:5      | Noticed an ogre
  3611 | D:5      | Killed an ogre
  3612 | D:5      | Reached skill level 4 in Fighting
  3612 | D:5      | Reached XP level 5. HP: 28/42 MP: 5/5
  3694 | D:5      | Gained mutation: You have hoof-like feet. [demonic
                  | ancestry]
  3694 | D:5      | Reached XP level 6. HP: 46/49 MP: 6/6
  3936 | D:5      | Found Junwimih's Weapon Boutique.
  4107 | D:5      | Reached skill level 5 in Fighting
  4216 | D:5      | Found Piysihu's Practical Paraphernalia.
  4369 | D:5      | Found a shimmering blue altar of Sif Muna.
  4431 | D:6      | Gained mutation: You have a small tail. [demonic ancestry]
  4431 | D:6      | Reached XP level 7. HP: 29/56 MP: 7/7
  4825 | D:6      | Found a staircase to the Ecumenical Temple.
  5004 | D:6      | Identified the amulet of Gaschum {Spirit rN+++ Str+4
                  | Slay-2}
  5100 | D:6      | Reached *** piety under Trog
  5379 | D:7      | Reached skill level 6 in Fighting
  5379 | D:7      | Reached skill level 5 in Armour
  5379 | D:7      | Reached skill level 5 in Dodging
  5383 | D:7      | Gained mutation: You have a tail ending in a sharp stinger.
                  | [demonic ancestry]
  5383 | D:7      | Reached XP level 8. HP: 47/64 MP: 8/8
  5576 | D:7      | HP: 1/65 [gnoll/+1 halberd of flaming[a gnoll bouda] (11)]
  5576 | D:7      | Slain by a gnoll

Illustrated notes

Levels and vault maps discovered:
D:1:      dpeg_arrival_tiny_a, layout_loops_corners
D:2:      minmay_razor_zed, layout_loops_ring, chequers_serial_rivers_large_b
D:3:      layout_loops_ring, lemuel_coloured_pillars_altar, zin_angel,
          uniq_terence
D:4:      layout_loops_ring
D:5:      layout_basic, lemuel_tele_altar, serial_shops,
          nicolae_shop_bloodbath_and_beyond, nicolae_alphabet_shops,
          kennysheep_generic_room_10
D:6:      layout_basic, minmay_temple_entry_tees
D:7:      kennysheep_seaside_town, layout_loops_ring

Skill      XL: |  1  2  3  4  5  6  7 |
---------------+----------------------+-----
Armour         | 2 3 4 5 |  5.4
Dodging        | 2 3 4 5 |  5.3
Polearms       | 3 |  3.1
Fighting       | 4 5 6 |  6.3

Action                     |  1- 3 |  4- 6 |  7- 9 || total
---------------------------+-------+-------+-------++-------
  Melee: Spear             |    84 |       |       ||    84
         Kick              |    15 |    37 |    28 ||    80
         Dagger            |     8 |   132 |    97 ||   237
         Punch             |       |     1 |     1 ||     2
         Tailslap          |       |       |    14 ||    14
 Invoke: Berserk           |       |       |     1 ||     1
         Trog's Hand       |       |       |     1 ||     1
   Stab: Sleeping          |     5 |       |       ||     5
 Armour: Animal skin       |     9 |       |       ||     9
         Ring mail         |     2 |       |       ||     2
         Scale mail        |       |    34 |    23 ||    57
  Dodge: Dodged            |    35 |    70 |    54 ||   159
  Block: Other             |     6 |    23 |    21 ||    50
